AoeStats
← Don Cath!

Nomad

505990035Analyzed
3v3 RM · 21d ago on Sep 11, 2026· 28m 22s· 6 players
Game mode
Random Map
Map size
210×210
Population
200
Speed
Normal
Resources
Standard
Victory
Conquest
Starting age
Dark Age
Ending age
Imperial Age
RankedLock teamsTeams togetherTeam positionsShared explorationLock speedFull tech treeHidden civsTurbo modeCheats
Victory
Defeat
🇳🇱 Khitans · Netherlands
1513
+5
🇪🇸 Ethiopians · Spain
1350
+9
🇩🇪 Italians · Germany
1254
+12
🇩🇪 Italians · Germany
1214
-9
🇺🇸 Magyars · United States
1212
-9
🇺🇸 Goths · United States
1179
-8
FRKNCY
5:07 Loom
14:04 Feudal Age
14:45 Town Watch
17:48 Castle Age
16:32 Double-Bit Axe
19:27 Bow Saw
18:58 Horse Collar
22:09 Fletching
23:18 Bodkin Arrow
23:32 Heavy Plow
26:54 Padded Archer Armor
30:28 Imperial Age
29:27 Wheelbarrow
Javier STATISTICS
5:03 Loom
12:30 Feudal Age
15:04 Forging
20:23 Castle Age
19:04 Domestication
19:23 Double-Bit Axe
19:35 Fishing Lines
21:16 Medium Warships
22:38 Town Watch
23:48 Iron Casting
23:16 Fletching
28:02 Wheelbarrow
MPW_SCRaTCH
4:27 Loom
12:30 Feudal Age
13:14 Town Watch
16:10 Castle Age
27:57 Double-Bit Axe
Magnificent Bastard
11:32 Loom
13:18 Feudal Age
13:59 Double-Bit Axe
14:27 Town Watch
18:17 Castle Age
16:28 Stone Mining
16:39 Fishing Lines
17:39 Gold Mining
19:15 Bow Saw
20:08 Forging
19:59 Scale Mail Armor
22:59 Iron Casting
23:42 Chain Mail Armor
26:18 Horse Collar
Carleo_Intestin
5:25 Loom
14:40 Feudal Age
18:17 Castle Age
16:31 Double-Bit Axe
16:29 Horse Collar
17:16 Fishing Lines
20:36 Scale Barding Armor
21:29 Fletching
Don Cath!
5:25 Loom
13:38 Feudal Age
14:29 Double-Bit Axe
18:29 Fletching
21:41 Castle Age
19:44 Stone Mining
Connection lost

Rejoining the realm…

Still unreachable

The connection could not be restored.

Session expired

The server has moved on; the page needs a fresh start.